 Dungeon Crawl Stone Soup version 0.17.0-23-g0de4337 (webtiles) character file.

403868 JudasIscariot the Shatterer (level 23, -3/140 HPs)
             Began as a Gargoyle Fighter on Nov 13, 2015.
             Was the Champion of the Shining One.
             Killed from afar by a starcursed mass (5 damage)
             ... with an accursed screaming
             ... on level 4 of the Abyss.
             The game lasted 05:07:45 (46915 turns).

JudasIscariot the Shatterer (Gargoyle Fighter)     Turns: 46915, Time: 05:07:46

Health: -3/140     AC: 40    Str: 38    XL:     23   Next: 1%
Magic:  0/30       EV: 11    Int: 12    God:    the Shining One [******]
Gold:   3965       SH: 28    Dex: 10    Spells: 0 memorised, 22 levels left

rFire  + . .     SeeInvis .     Z - +9 sacred scourge (holy)
rCold  . . .     Clarity  .     I - +5 plate armour
rNeg   + + +     SustAt   .     c - +5 large shield "Eqybysy" {Str+11}
rPois  ∞         Gourm    .     z - +2 hat of the Bear Spirit {Spirit, +Rage rN+ MR++}
rElec  +         Spirit   +     (no cloak)
rCorr  .         Warding  .     R - +1 pair of gloves
rMut   +         Stasis   .     f - -6 pair of boots "Cyuxada" {Str+4}
MR     ++++.                    u - amulet of resist mutation
Stlth  ..........               H - ring "Xefar" {MR+ Slay+1 Stlth+}
                                e - ring "Ejoder Kyxy" {rF+ rN++ EV+3 Str-3}

@: about to teleport, flying, glowing, incredibly resistant to hostile
enchantments, extremely unstealthy
A: big wings, beak, blurry vision 1, frail 1, low mp 1, negative energy
resistance 1, sense surroundings 1, electricity resistance, slow regeneration 1,
unbreathing, petrification resistance, rot immunity, MP-powered wands, AC +17
a: Stop Flying, Divine Shield, Cleansing Flame, Summon Divine Warrior, Renounce
Religion, Evoke Berserk Rage
}: 3/15 runes: decaying, abyssal, gossamer


You were on level 4 of the Abyss.
You worshipped the Shining One.
The Shining One was exalted by your worship.
You were not hungry.

You visited 8 branches of the dungeon, and saw 41 of its levels.
You visited the Abyss 1 time.
You also visited: Ice Cave and Volcano.

You collected 5071 gold pieces.
You spent 1106 gold pieces at shops.

Inventory:

Hand Weapons
 a - a +0 demon whip
 q - the +9 eveningstar of the Briny Deep {speed, +Inv rC+ MR+ Int+3}
   (You acquired it on level 14 of the Dungeon)

   Attacks with this weapon are significantly faster.
   It affects your intelligence (+3).
   It protects you from cold.
   It affects your resistance to hostile enchantments.
   It lets you turn invisible.
 S - the +6 flail "Iwkawneo" {crush, *Contam rPois Str+6}
   (You found it on level 8 of the Dungeon)

   It inflicts extra damage upon your enemies.
   It affects your strength (+6).
   It protects you from poison.
   It causes magical contamination when unequipped.
 Z - a +9 sacred scourge of holy wrath (weapon)
Armour
 c - the +5 large shield "Eqybysy" (worn) {Str+11}
   (You took it off a deep elf demonologist on level 3 of the Elven Halls)

   It affects your strength (+11).
 f - the -6 pair of boots "Cyuxada" (worn) {Str+4}
   (You acquired it on level 1 of the Lair of Beasts)

   It affects your strength (+4).
 z - the +2 hat of the Bear Spirit (worn) {Spirit, +Rage rN+ MR++}
   (You found it on level 3 of the Elven Halls)

   It protects you from negative energy.
   It affects your resistance to hostile enchantments.
   It lets you go berserk.
 I - a +5 plate armour (worn)
 R - a +1 pair of gloves (worn)
Jewellery
 b - a +3 ring of protection
 d - an uncursed ring of magical power
 e - the ring "Ejoder Kyxy" (left hand) {rF+ rN++ EV+3 Str-3}
   (You took it off a deep elf sorcerer on level 3 of the Elven Halls)

   [ring of evasion]

   It affects your evasion (+3).
   It affects your strength (-3).
   It protects you from fire.
   It greatly protects you from negative energy.
 h - an uncursed amulet of warding
 l - an uncursed ring of sustain attributes
 o - a +4 ring of dexterity
 u - an amulet of resist mutation (around neck)
 B - an uncursed ring of protection from cold
 H - the ring "Xefar" (right hand) {MR+ Slay+1 Stlth+}
   (You bought it in a shop on level 6 of the Dungeon)

   [ring of slaying]

   It affects your accuracy and damage with ranged weapons and melee attacks
   (+1).
   It affects your resistance to hostile enchantments.
   It makes you more stealthy.
 L - an uncursed ring of protection from fire
 M - a +3 ring of evasion
 V - an uncursed amulet of clarity
Wands
 i - a wand of flame (41)
 w - a wand of slowing (31)
 D - a wand of enslavement (9)
 K - a wand of flame (39)
 Q - a wand of heal wounds (4)
 W - a wand of paralysis (11)
Scrolls
 g - 4 scrolls of immolation
 m - 2 scrolls of silence
 t - 9 scrolls of remove curse
 v - 4 scrolls of teleportation
 x - 3 scrolls of recharging
 y - a scroll of summoning
 A - 6 scrolls of magic mapping
 G - 7 scrolls of identify
 J - 5 scrolls of enchant armour
 X - a scroll of fear
Potions
 j - a potion of berserk rage {unknown}
 C - 2 potions of agility
 F - 4 potions of ambrosia
 O - a potion of experience {unknown}
 T - a potion of cancellation
 U - 2 potions of might
Comestibles
 k - 15 beef jerkies
 n - a slice of pizza
 p - 30 fruits
 s - 19 meat rations
 N - 17 royal jellies


   Skills:
 * Level 20.1 Fighting
   Level 8.1(15.8) Axes
 * Level 22.2(22.6) Maces & Flails
 * Level 16.9 Armour
 - Level 3.9 Dodging
 + Level 1.7 Stealth
 + Level 15.6 Shields
 * Level 14.6 Invocations
 + Level 1.2 Evocations


You had 22 spell levels left.
You didn't know any spells.

Dungeon Overview and Level Annotations

Branches:
Dungeon (15/15)            Temple (0/1) D:5            Lair (8/8) D:11
  Swamp (4/4) Lair:5       Spider (4/4) Lair:3        Slime (1/6) Lair:7
    Orc (4/4) D:9             Elf (3/3) Orc:3        Vaults (0/5) D:14
 Depths (2/5) D:15

Altars:
Dithmenos
Elyvilon
Fedhas
Kikubaaqudgha
Makhleb
Nemelex Xobeh
Ru
Sif Muna
Trog
Vehumet
The Shining One
Beogh
Jiyva

Shops:
D:6 =   D:9 :*   D:12 *:%*   D:13 :   Orc:2 (   Orc:4 (!:?   Elf:3 (

Portals:
Hell: Depths:1 Depths:2
Abyss: Depths:1 Depths:2
Trove: D:13 (give 6 scrolls of blinking)

Annotations:
D:5 Prince Ribbit
Swamp:3 exclusion: Roxanne, Roxanne


Innate Abilities, Weirdness & Mutations

You are resistant to torment.
Your stone body is resilient (AC +17).
You are immune to poison.
Your large and strong wings let you fly indefinitely.
You resist negative energy.
You are resistant to electric shocks.
You can survive without breathing.
You are immune to petrification.
You are immune to rotting.
You have a beak for a mouth.
Scrolls take you a little longer to read.
You are frail (-10% HP).
Your magical capacity is low (-10% MP).
You passively map a small area around you.
You regenerate slowly when monsters are visible.
You expend magic power (3 MP) to strengthen your wands.


Message History

* * * LOW HITPOINT WARNING * * *
The starcursed mass shrieks in your mind.
* * * LOW HITPOINT WARNING * * *
You start resting.
A raiju is nearby!
Unknown command.
Read which item? (? for menu, Esc to quit)
You begin reading the scroll.
You continue reading the scroll.
The raiju bursts into living lightning!
The living lightning hits you! You resist.
* * * LOW HITPOINT WARNING * * *
The raiju blinks! x2
As you read the scroll of teleportation, it crumbles to dust.
You feel strangely unstable.
You feel the power of the Abyss delaying your translocation!
You whack the raiju!
You kill the raiju!
A starcursed mass splits.
A chorus of shrieks assaults your mind.
You die...

# #. # .## §#
.. ##.. ###.#
#.. ##..###.#
. #.X.@.# #.
#X##..# # # ..
####.#...# ..
# #.##.#..##
.### # #
#..:h#... ###.
#...##.##..#.
# §...##
##h#....... .
# ##[†.#.X#
..##.#.# .
##.##.†XG#...#


You could see 2 starcursed masses.

Vanquished Creatures
  An ancient lich (Abyss:4)
  Norris (Depths:1)
  A caustic shrike (Depths:2)
  the Enchantress (Depths:1)
  A golden dragon (Depths:2)
  2 bone dragons (Abyss:4)
  A hellephant (Abyss:4)
  7 liches (Abyss:4)
  2 deep elf master archers (Elf:3)
  A deep elf blademaster (Elf:2)
  An acid blob (Slime:1)
  2 thorn hunters
  2 shadow dragons
  22 tentacled starspawn
  Kirke (D:14)
  A fire giant (Depths:1)
  2 tengu reavers
  Wiglaf (Depths:2)
  Donald (Orc:4)
  A draconian knight (Abyss:4)
  11 emperor scorpions
  2 balrugs (Abyss:4)
  4 ghost moths (Spider:4)
  Louise (Elf:1)
  5 deep elf sorcerers (Elf:3)
  A frost giant (Depths:2)
  A cacodemon (Abyss:4)
  An angel (Abyss:3)
  3 spriggan defenders
  A reaper (Abyss:4)
  8 stone giants
  4 very ugly things
  8 deep elf demonologists
  A lorocyproca (Abyss:3)
  The ghost of WildSam the Grappler, a journeyman TrMo of the Shining One (Lair:4)
  6 deep elf annihilators (Elf:3)
  A green death (Abyss:4)
  An eidolon (Abyss:4)
  2 fire dragons
  5 deep elf death magi (Elf:3)
  4 vampire knights (Depths:2)
  The ghost of WildSam the Frost Mage, a journeyman OpIE of the Shining One (Lair:7)
  4 ettins
  2 deep elf high priests
  5 entropy weavers
  5 rakshasas
  Fannar (D:12)
  4 great orbs of eyes
  2 ice dragons (Depths:2)
  A yaktaur captain (Depths:2)
  15 hydras
  2 spriggan air magi
  5 centaur warriors
  A vampire mage (Depths:1)
  15 dancing weapons
  5 tengu warriors
  4 ogre magi
  5 alligators
  2 hell hogs (Abyss:4)
  2 spriggan berserkers
  Urug (D:13)
  2 deep troll shamans
  22 deep elf knights
  4 hell knights (Abyss:3)
  A spriggan (Depths:2)
  3 sun demons (Abyss:4)
  15 wretched stars
  2 iron trolls
  19 thrashing horrors
  A soul eater (Abyss:3)
  A spatial maelstrom (Abyss:3)
  4 deep trolls
  A golden dragon zombie (Depths:2)
  3 giant orange brains
  10 hill giants
  2 spriggan druids (Swamp:4)
  2 deep elf summoners (Elf:1)
  28 small abominations
  A shambling mangrove (Swamp:2)
  9 swamp dragons
  12 unseen horrors
  47 starcursed masses
  4 necromancers
  3 orc knights
  A wolf spider zombie (D:12)
  18 orb spiders
  A wizard (D:15)
  2 phantasmal warriors
  11 orc sorcerers
  5 deep elf conjurers
  A fire giant zombie (Depths:2)
  5 hornets
  3 cyclopes
  34 ugly things
  A salamander (Abyss:4)
  A salamander (shapeshifter) (Abyss:3)
  14 elephants
  25 wolf spiders
  13 smoke demons
  Maurice (D:12)
  A moth of wrath (Spider:2)
  A shock serpent zombie (Abyss:4)
  3 worldbinders
  5 black mambas
  3 rust devils
  2 sixfirhies
  3 toenail golems (Volcano)
  An eye of devastation (Abyss:4)
  3 ice statues (IceCv)
  2 apocalypse crabs
  4 torpor snails
  Psyche (D:9)
  2 gargoyles
  5 yaktaurs (Depths:1)
  2 guardian serpents (Abyss:4)
  2 kobold demonologists (D:14)
  8 komodo dragons
  4 orange demons
  A hellion (Abyss:3)
  22 spiny frogs
  2 efreet (Abyss:3)
  A golden dragon simulacrum (Depths:2)
  16 demonic crawlers
  7 deep elf priests
  A spriggan skeleton (Depths:2)
  10 ancient zymes
  A fire drake (Lair:6)
  2 guardian mummies (D:13)
  2 tengu conjurers
  A freezing wraith (Abyss:4)
  A queen bee (Lair:7)
  3 polar bears
  2 blue devils (Abyss:3)
  7 giant leeches
  37 jumping spiders
  A polar bear (shapeshifter) (D:15)
  A shadow dragon simulacrum (Abyss:3)
  77 raiju
  A harpy skeleton (Abyss:4)
  7 trolls
  A trapdoor spider zombie (D:8)
  14 blink frogs
  5 bog bodies
  21 slime creatures
  A boulder beetle (Spider:2)
  2 two-headed ogres (Depths:1)
  42 redbacks
  3 vampires
  A wyvern (Lair:7)
  2 wraiths (Abyss:4)
  A shadow (Swamp:1)
  21 trapdoor spiders
  9 ynoxinuls
  22 deep elf magi
  18 tarantellas
  An ettin skeleton (Abyss:4)
  A water elemental (Abyss:4)
  6 humans (Volcano)
  2 basilisks
  13 neqoxecs
  9 chaos spawn
  2 golden eyes (Abyss:4)
  3 hogs (D:14)
  18 deep elf fighters
  30 yaks
  3 hungry ghosts
  A mottled dragon (shapeshifter) (Abyss:4)
  2 fire bats (Abyss:4)
  The ghost of puimuR the Chopper, an amateur DsBe of Trog (D:7)
  A hippogriff (shapeshifter) (Depths:2)
  An elf simulacrum (Depths:2)
  11 swamp worms
  Menkaure (D:5)
  8 hippogriffs
  36 large abominations
  3 mottled dragons
  6 wolves (Lair:3)
  26 vampire mosquitoes
  2 spatial vortices (Abyss:3)
  4 hell hounds (Abyss:3)
  Edmund (D:6)
  13 water moccasins
  17 insubstantial wisps
  A naga (Abyss:4)
  A soldier ant (D:14)
  Duvessa (D:5)
  3 sky beasts
  14 orc warriors
  10 swamp drakes
  25 spiders
  2 wargs
  2 manticore zombies (Abyss:4)
  A black bear (Lair:2)
  3 eyes of draining
  A necrophage (D:10)
  9 porcupines
  5 wasps
  19 centaurs
  22 crocodiles
  7 phantoms
  10 ice beasts
  4 big kobolds
  15 ogres
  A brain worm (Lair:8)
  33 giant frogs
  Blork the orc (D:5)
  An earth elemental (Abyss:4)
  A wyvern zombie (D:13)
  A glowing shapeshifter simulacrum (Depths:2)
  4 scorpions
  Dowan (D:5)
  11 wights
  26 killer bees
  4 electric eels
  7 crimson imps
  A giant frog zombie (D:5)
  6 jellies
  3 centaur zombies
  4 quasits
  18 orc priests
  6 centaur skeletons
  3 hounds
  33 orc wizards
  3 iguanas
  2 iron imps (Abyss:4)
  A giant frog skeleton (D:10)
  11 worker ants
  A hound zombie (D:5)
  4 gnolls (D:10)
  A worker ant zombie (D:10)
  7 adders
  42 river rats
  3 shadow imps
  2 ufetubi
  2 worms
  5 giant geckos
  181 orcs
  2 ball pythons (D:1)
  16 bats
  2 giant cockroaches
  3 goblins
  3 hobgoblins
  4 jackals (D:8)
  10 quokkas
  A giant cockroach zombie (D:6)
  2 giant gecko skeletons (D:6)
  6 giant newts
  10 kobolds
  A quokka zombie (D:7)
  10 rats
  3 crawling corpses
  4 fungi
  A lurking horror (Abyss:4)
  7 plants
  7 starspawn tentacles
1854 creatures vanquished.

Vanquished Creatures (collateral kills)
  A deep elf master archer (Elf:3)
  A deep elf blademaster (Elf:3)
  A tentacled starspawn (Abyss:4)
  5 deep elf sorcerers (Elf:3)
  4 deep elf annihilators (Elf:3)
  2 deep elf high priests (Elf:3)
  A deep elf death mage (Elf:3)
  2 thrashing horrors (Abyss:4)
  2 small abominations
  A wretched star (Abyss:4)
  2 deep elf knights (Elf:3)
  3 large abominations
  2 naga magi (Abyss:4)
  A troll (Orc:1)
  An ancient zyme (Abyss:4)
  A deep elf priest (Elf:1)
  3 raiju (Abyss:4)
  A fire bat (Abyss:4)
  2 deep elf magi (Elf:3)
  2 orc warriors
  3 starcursed masses
  4 orcs
  A crawling corpse (Elf:3)
  A starspawn tentacle (Abyss:4)
47 creatures vanquished.

Vanquished Creatures (others)
  A tentacled starspawn (Abyss:4)
  An emperor scorpion (Spider:1)
  A deep elf annihilator (Elf:3)
  A deep elf high priest (Elf:3)
  3 orb spiders
  A wolf spider (Spider:1)
  A jumping spider (Spider:1)
  A raiju (Abyss:4)
  A redback (Spider:1)
  A human (D:14)
  A golden eye (Abyss:4)
  A large abomination (Abyss:4)
  A naga (Abyss:4)
  An orc warrior (Elf:1)
  A centaur (Abyss:3)
  5 small abominations
  A wight (D:12)
  A white imp (Abyss:3)
  5 fungi
  4 lurking horrors
  17 plants
  49 starspawn tentacles
  162 starspawn tentacle segments
  4 tentacles (Abyss:3)
  161 tentacle segments (Abyss:3)
  11 toadstools (Lair:5)
437 creatures vanquished.

Grand Total: 2338 creatures vanquished

Notes
Turn   | Place    | Note
--------------------------------------------------------------
     0 | D:1      | JudasIscariot the Gargoyle Fighter began the quest for the Orb.
     0 | D:1      | Reached XP level 1. HP: 14/14 MP: 1/1
   426 | D:1      | Reached XP level 2. HP: 19/19 MP: 2/2
  1100 | D:2      | Found a shadowy altar of Dithmenos.
  1119 | D:2      | Reached XP level 3. HP: 18/24 MP: 3/3
  1413 | D:2      | Found an ancient bone altar of Kikubaaqudgha.
  1645 | D:3      | Reached skill level 4 in Fighting
  1674 | D:3      | Reached XP level 4. HP: 24/29 MP: 4/4
  2097 | D:3      | Found a glowing golden altar of the Shining One.
  2100 | D:3      | Became a worshipper of the Shining One
  2178 | D:4      | Found a white marble altar of Elyvilon.
  2179 | D:4      | Found a deep blue altar of Sif Muna.
  2182 | D:4      | Found a sacrificial altar of Ru.
  2760 | D:4      | Reached XP level 5. HP: 30/33 MP: 5/5
  2898 | D:5      | Entered Level 5 of the Dungeon
  2908 | D:5      | Reached skill level 1 in Dodging
  2931 | D:5      | Found a burning altar of Makhleb.
  2957 | D:5      | Reached XP level 6. HP: 39/39 MP: 6/6
  2992 | D:5      | Found a bloodstained altar of Trog.
  3001 | D:5      | Noticed Menkaure
  3003 | D:5      | Noticed Dowan
  3004 | D:5      | Noticed Duvessa
  3015 | D:5      | Killed Menkaure
  3017 | D:5      | Killed Dowan
  3021 | D:5      | Noticed a centaur
  3031 | D:5      | Killed Duvessa
  3048 | D:5      | Reached XP level 7. HP: 31/44 MP: 7/7
  3049 | D:5      | Killed a centaur
  3049 | D:5      | Reached skill level 5 in Armour
  3070 | D:5      | Noticed Prince Ribbit
  3072 | D:5      | Noticed Blork the orc
  3084 | D:5      | Reached * piety under the Shining One
  3095 | D:5      | Killed Blork the orc
  3206 | D:5      | Found a staircase to the Ecumenical Temple.
  3227 | D:5      | Noticed an ogre
  3234 | D:5      | Killed an ogre
  3234 | D:5      | Reached skill level 5 in Fighting
  3242 | D:5      | Noticed a sky beast
  3259 | D:5      | Killed a sky beast
  3315 | D:5      | Noticed a centaur
  3329 | D:5      | Killed a centaur
  3329 | D:5      | Reached XP level 8. HP: 34/49 MP: 5/8
  3452 | D:6      | Noticed Edmund
  3457 | D:6      | Killed Edmund
  3457 | D:6      | Reached skill level 5 in Axes
  3457 | D:6      | Reached skill level 5 in Shields
  3479 | D:6      | Reached skill level 6 in Armour
  3842 | D:6      | Reached XP level 9. HP: 55/55 MP: 9/9
  3846 | D:6      | Gained mutation: You expend magic power (3 MP) to strengthen your wands. [mutagenic meat]
  3847 | D:6      | Gained mutation: You have large cloven feet. [mutagenic meat]
  3848 | D:6      | Gained mutation: Your spells are a little harder to cast, but a little more powerful. [mutagenic meat]
  3849 | D:6      | Gained mutation: You have a pair of small horns on your head. [mutagenic meat]
  3864 | D:6      | Found Qotaxube's Jewellery Emporium.
  3869 | D:6      | Bought a cursed amulet of inaccuracy for 26 gold pieces
  3869 | D:6      | Bought the ring "Xefar" {MR+ Slay+1 Stlth+} for 278 gold pieces
  3975 | D:6      | Reached ** piety under the Shining One
  4387 | D:7      | Noticed an unseen horror
  4404 | D:7      | Killed an unseen horror
  4404 | D:7      | Reached skill level 7 in Fighting
  4441 | D:7      | Noticed puimuR's ghost (amateur DsBe)
  4451 | D:7      | Killed puimuR's ghost
  4926 | D:8      | Reached XP level 10. HP: 62/64 MP: 10/10
  5146 | D:8      | Reached skill level 8 in Axes
  5221 | D:8      | Got a slimy flail
  5222 | D:8      | Identified the +6 flail "Iwkawneo" {crush, *Contam rPois Str+6} (You found it on level 8 of the Dungeon)
  5490 | D:8      | Found a deep blue altar of Sif Muna.
  5650 | D:9      | Found Isuwnuos's Book Boutique.
  5693 | D:9      | Noticed Psyche
  5699 | D:9      | Killed Psyche
  5699 | D:9      | Reached skill level 1 in Maces & Flails
  5713 | D:9      | Found a staircase to the Orcish Mines.
  5957 | D:9      | Reached *** piety under the Shining One
  6111 | D:9      | Found Feduuhah's Assorted Antiques.
  6119 | D:9      | Found a sparkling altar of Nemelex Xobeh.
  6123 | D:9      | Bought a potion of curing for 78 gold pieces
  6727 | D:10     | Entered Level 10 of the Dungeon
  6758 | D:10     | Noticed a hill giant
  6759 | D:10     | Noticed a hill giant
  6774 | D:10     | Killed a hill giant
  6789 | D:10     | Killed a hill giant
  6866 | D:10     | Reached skill level 9 in Armour
  6992 | D:10     | Reached XP level 11. HP: 69/71 MP: 11/11
  6997 | D:10     | Noticed a hill giant
  7005 | D:10     | Killed a hill giant
  7054 | D:10     | Noticed a hill giant
  7065 | D:10     | Killed a hill giant
  7065 | D:10     | Reached skill level 5 in Maces & Flails
  7690 | D:11     | Noticed a centaur warrior
  7699 | D:11     | Killed a centaur warrior
  7729 | D:11     | Found a staircase to the Lair.
  7790 | D:11     | Noticed an unseen horror
  7790 | D:11     | Reached **** piety under the Shining One
  7802 | D:11     | Killed an unseen horror
  7869 | D:11     | Noticed a hill giant
  7876 | D:11     | Killed a hill giant
  8003 | D:11     | Found a blossoming altar of Fedhas.
  8500 | D:11     | Noticed a hill giant
  8508 | D:11     | Killed a hill giant
  8597 | D:12     | Found Cusish's Pet Rocks.
  8611 | D:12     | Reached skill level 10 in Armour
  8719 | D:12     | Reached skill level 10 in Fighting
  8862 | D:12     | Found Adwin's Book Shop.
  8922 | D:12     | Found Gowimi's Food Boutique.
  8935 | D:12     | Noticed a hill giant
  8943 | D:12     | Killed a hill giant
  8943 | D:12     | Reached skill level 1 in Stealth
  8962 | D:12     | Reached XP level 12. HP: 33/77 MP: 12/12
  8985 | D:12     | Noticed a centaur warrior
  8990 | D:12     | Killed a centaur warrior
  9226 | D:12     | Found Kyth's Food Shoppe.
  9239 | D:12     | Noticed Fannar
  9724 | D:12     | Gained mutation: You are dopey. (Int -2) [mutagenic glow]
  9790 | D:12     | Found Xiakead's Assorted Antiques.
  9846 | D:12     | Bought a beef jerky for 18 gold pieces
  9846 | D:12     | Bought a meat ration for 60 gold pieces
  9846 | D:12     | Bought a meat ration for 60 gold pieces
  9846 | D:12     | Bought 3 fruits for 54 gold pieces
  9846 | D:12     | Bought a meat ration for 60 gold pieces
  9846 | D:12     | Bought a royal jelly for 24 gold pieces
  9867 | D:12     | Noticed Maurice
  9877 | D:12     | Killed Maurice
  9890 | D:12     | Killed Fannar
  9902 | D:12     | Gained mutation: You are robust (+10% HP). [potion of mutation]
  9902 | D:12     | Gained mutation: You passively map a small area around you. [potion of mutation]
  9903 | D:12     | Gained mutation: Your magical capacity is low (-10% MP). [potion of mutation]
 10275 | D:13     | Reached skill level 11 in Fighting
 10292 | D:13     | Reached ***** piety under the Shining One
 10604 | D:13     | Found Xakicaano's Book Shop.
 10659 | D:13     | Noticed Urug
 10670 | D:13     | Killed Urug
 10867 | D:13     | Found a portal to a secret trove of treasure.
 11234 | D:14     | Reached skill level 1 in Invocations
 11357 | D:14     | Noticed a centaur warrior
 11367 | D:14     | Killed a centaur warrior
 11367 | D:14     | Reached XP level 13. HP: 63/92 MP: 13/13
 11477 | D:14     | Found a frozen archway.
 11544 | IceCv    | Entered an ice cave
 11549 | IceCv    | Reached skill level 10 in Maces & Flails
 12178 | D:14     | Noticed Kirke
 12187 | D:14     | Killed Kirke
 12187 | D:14     | Reached skill level 12 in Fighting
 12295 | D:14     | Reached skill level 10 in Shields
 12336 | D:14     | Identified a scroll of acquirement
 12344 | D:14     | Got a faintly glowing eveningstar
 12345 | D:14     | Identified the +9 eveningstar of the Briny Deep {speed, +Inv rC+ MR+ Int+3} (You acquired it on level 14 of the Dungeon)
 12446 | D:14     | Lost mutation: You have a pair of small horns on your head. [mutagenic meat]
 12447 | D:14     | Gained mutation: You have a beak for a mouth. [mutagenic meat]
 12448 | D:14     | Lost mutation: You have large cloven feet. [mutagenic meat]
 12449 | D:14     | Gained mutation: You can spit weak poison. [mutagenic meat]
 12578 | D:14     | Found a gate to the Vaults.
 12829 | Lair:1   | Entered Level 1 of the Lair of Beasts
 13173 | Lair:1   | Got a pair of smoking boots
 13179 | Lair:1   | Identified the -6 pair of boots "Cyuxada" {Str+4} (You acquired it on level 1 of the Lair of Beasts)
 14035 | Lair:2   | Gained mutation: Your large and strong wings let you fly indefinitely. [Gargoyle growth]
 14035 | Lair:2   | Reached XP level 14. HP: 94/101 MP: 15/15
 14470 | Lair:3   | Found a hole to the Spider Nest.
 14819 | Lair:3   | Reached skill level 5 in Invocations
 14896 | Lair:3   | Found a dark tunnel.
 14907 | Volcano  | Entered a volcano
 15412 | Spider:1 | Entered Level 1 of the Spider Nest
 15417 | Spider:1 | Reached skill level 13 in Fighting
 16528 | Spider:1 | Noticed an emperor scorpion
 16736 | Spider:1 | Killed an emperor scorpion
 18021 | Spider:2 | Noticed an emperor scorpion
 18022 | Spider:2 | Noticed an emperor scorpion
 18046 | Spider:2 | Killed an emperor scorpion
 18062 | Spider:2 | Killed an emperor scorpion
 18362 | Spider:2 | Noticed an emperor scorpion
 18376 | Spider:2 | Reached XP level 15. HP: 96/110 MP: 17/17
 18399 | Spider:2 | Killed an emperor scorpion
 18662 | Spider:2 | Noticed an emperor scorpion
 18700 | Spider:2 | Killed an emperor scorpion
 19320 | Spider:2 | Reached skill level 14 in Fighting
 19693 | Spider:3 | Reached ****** piety under the Shining One
 19966 | Spider:4 | Entered Level 4 of the Spider Nest
 20968 | Spider:4 | Reached XP level 16. HP: 78/117 MP: 0/19
 21699 | Spider:4 | Reached skill level 15 in Fighting
 21823 | Spider:4 | Reached skill level 15 in Maces & Flails
 21999 | Spider:4 | Got a gossamer rune of Zot
 23940 | Lair:4   | Noticed WildSam's ghost (journeyman TrMo)
 23955 | Lair:4   | Killed WildSam's ghost
 25389 | Lair:5   | Found a staircase to the Swamp.
 26580 | Lair:7   | Noticed WildSam's ghost (journeyman OpIE)
 26645 | Lair:7   | Killed WildSam's ghost
 26687 | Lair:7   | Reached skill level 16 in Maces & Flails
 26892 | Lair:7   | Reached XP level 17. HP: 121/125 MP: 21/21
 26904 | Lair:7   | Found a viscous altar of Jiyva.
 26904 | Lair:7   | Found a staircase to the Slime Pits.
 26914 | Slime:1  | Entered Level 1 of the Pits of Slime
 27550 | Lair:8   | Entered Level 8 of the Lair of Beasts
 28145 | Lair:8   | Found a sparkling altar of Nemelex Xobeh.
 28892 | Orc:1    | Entered Level 1 of the Orcish Mines
 29819 | Orc:3    | Found a staircase to the Elven Halls.
 30243 | Orc:4    | Entered Level 4 of the Orcish Mines
 30496 | Orc:4    | Noticed Donald
 30513 | Orc:4    | Killed Donald
 30620 | Orc:4    | Found Jiud's Antique Weapon Emporium.
 30650 | Orc:4    | Found a radiant altar of Vehumet.
 30682 | Orc:4    | Found Riss's Distillery.
 30713 | Orc:4    | Found an ancient bone altar of Kikubaaqudgha.
 30832 | Orc:4    | Found a roughly hewn altar of Beogh.
 30946 | Orc:4    | Found Anat's Magic Scroll Emporium.
 30968 | Orc:4    | Found Cexzy's Book Emporium.
 31965 | Orc:2    | Found Koatuich's Weapon Shoppe.
 32468 | Elf:1    | Entered Level 1 of the Elven Halls
 32522 | Elf:1    | Noticed Louise
 32532 | Elf:1    | Killed Louise
 32624 | Elf:1    | Reached skill level 17 in Maces & Flails
 32930 | Elf:1    | Noticed a Brimstone Fiend
 33039 | Elf:1    | Reached skill level 10 in Invocations
 33643 | Elf:2    | Found a huge runed gate.
 33643 | Elf:2    | Found a huge runed gate.
 33643 | Elf:2    | Found a huge runed gate.
 33646 | Elf:2    | Found a huge runed gate.
 33648 | Elf:2    | Found a huge runed gate.
 33897 | Elf:2    | Reached XP level 18. HP: 134/134 MP: 23/23
 34035 | Elf:2    | Noticed a deep elf blademaster
 34060 | Elf:2    | Killed a deep elf blademaster
 34614 | Elf:3    | Entered Level 3 of the Elven Halls
 34735 | Elf:3    | Reached skill level 18 in Maces & Flails
 35317 | Elf:3    | Noticed an Ice Fiend
 35318 | Elf:3    | Reached skill level 1 in Evocations
 35329 | Elf:3    | Noticed a Brimstone Fiend
 35335 | Elf:3    | HP: 5/135 [Ice Fiend[a deep elf demonologist] (14)]
 35590 | Elf:3    | Got an iridescent rapier {freeze}
 35709 | Elf:3    | Noticed an Ice Fiend
 35747 | Elf:3    | Found Vuxeirgh's Antique Weapon Emporium.
 36090 | Elf:3    | Got a bloodstained large shield
 36090 | Elf:3    | Got a faintly glowing bone ring
 36126 | Elf:2    | Identified the +5 large shield "Eqybysy" {Str+11} (You took it off a deep elf demonologist on level 3 of the Elven Halls)
 36127 | Elf:2    | Identified the ring "Ejoder Kyxy" {rF+ rN++ EV+3 Str-3} (You took it off a deep elf sorcerer on level 3 of the Elven Halls)
 36764 | Elf:3    | Upgraded the game from 0.17.0-22-g5edae84 to 0.17.0-23-g0de4337
 36784 | Elf:3    | Got a scorched glaive {speed}
 36790 | Elf:3    | Identified the +5 glaive of Punishment {speed, rF+} (You took it off a deep elf death mage on level 3 of the Elven Halls)
 37521 | Swamp:1  | Entered Level 1 of the Swamp
 37744 | Swamp:1  | Reached skill level 15 in Armour
 37851 | Swamp:1  | Reached XP level 19. HP: 136/140 MP: 22/25
 38128 | Swamp:3  | Noticed Roxanne
 38147 | Swamp:4  | Entered Level 4 of the Swamp
 38624 | Swamp:4  | Got a decaying rune of Zot
 39253 | D:12     | Bought a beef jerky for 21 gold pieces
 39253 | D:12     | Bought 2 fruits for 42 gold pieces
 39253 | D:12     | Bought a meat ration for 70 gold pieces
 39253 | D:12     | Bought a beef jerky for 21 gold pieces
 39253 | D:12     | Bought 3 fruits for 63 gold pieces
 39253 | D:12     | Bought a slice of pizza for 21 gold pieces
 39253 | D:12     | Bought a meat ration for 70 gold pieces
 39253 | D:12     | Bought a meat ration for 70 gold pieces
 39253 | D:12     | Bought a meat ration for 70 gold pieces
 39310 | D:15     | Entered Level 15 of the Dungeon
 39364 | D:15     | Reached skill level 19 in Maces & Flails
 39589 | D:15     | Gained mutation: Scrolls take you a little longer to read. [mutagenic meat]
 39591 | D:15     | Lost mutation: You can spit weak poison. [mutagenic meat]
 39592 | D:15     | Gained mutation: Your muscles are strong. (Str +2) [mutagenic meat]
 39593 | D:15     | Lost mutation: Your muscles are strong. (Str +2) [mutagenic meat]
 39595 | D:15     | Lost mutation: Scrolls take you a little longer to read. [potion of cure mutation]
 39595 | D:15     | Lost mutation: Your magical capacity is low (-10% MP). [potion of cure mutation]
 39595 | D:15     | Lost mutation: You are robust (+10% HP). [potion of cure mutation]
 39595 | D:15     | Lost mutation: You are dopey. (Int -2) [potion of cure mutation]
 39595 | D:15     | Lost mutation: Your spells are a little harder to cast, but a little more powerful. [potion of cure mutation]
 39881 | D:15     | Found a staircase to the Depths.
 40360 | Depths:1 | Entered Level 1 of the Depths
 40462 | Depths:1 | Found a gateway to Hell.
 40679 | Depths:1 | Found a one-way gate to the infinite horrors of the Abyss.
 41006 | Depths:2 | Noticed Wiglaf
 41017 | Depths:2 | Killed Wiglaf
 41018 | Depths:2 | Noticed the Enchantress
 41465 | Depths:1 | Killed the Enchantress
 41509 | Depths:1 | Reached XP level 20. HP: 78/136 MP: 18/29
 42390 | Depths:2 | Noticed a caustic shrike
 42410 | Depths:2 | Killed a caustic shrike
 42551 | Depths:2 | Noticed Norris
 42686 | Depths:2 | Reached skill level 20 in Maces & Flails
 42699 | Depths:1 | Killed Norris
 42973 | Depths:2 | Noticed a golden dragon
 42990 | Depths:2 | Killed a golden dragon
 43458 | Depths:2 | Voluntarily entered the Abyss.
 43505 | Abyss:2  | Found a corrupted altar of Lugonu.
 43609 | Abyss:3  | Gained mutation: You are frail (-10% HP). [a neqoxec]
 43867 | Abyss:3  | Reached XP level 21. HP: 120/127 MP: 17/30
 43879 | Abyss:3  | Gained mutation: Scrolls take you a little longer to read. [a neqoxec]
 44648 | Abyss:3  | Found a corrupted altar of Lugonu.
 44899 | Abyss:3  | Reached skill level 21 in Maces & Flails
 44926 | Abyss:3  | Gained mutation: Your magical capacity is low (-10% MP). [a neqoxec]
 45049 | Abyss:4  | Found a corrupted altar of Lugonu.
 45515 | Abyss:4  | Paralysed by accursed screaming for 1 turns
 45581 | Abyss:4  | Gained mutation: You regenerate slowly when monsters are visible. [a neqoxec]
 45598 | Abyss:4  | Noticed an ancient lich
 45604 | Abyss:4  | Reached XP level 22. HP: 115/135 MP: 25/29
 45648 | Abyss:4  | Killed an ancient lich
 46072 | Abyss:4  | Reached skill level 15 in Shields
 46075 | Abyss:4  | Got an abyssal rune of Zot
 46085 | Abyss:4  | Identified an uncursed sacred scourge of holy wrath {god gift} (a demon whip of pain blessed by the Shining One)
 46085 | Abyss:4  | Received a gift from the Shining One
 46481 | Abyss:4  | Reached skill level 22 in Maces & Flails
 46834 | Abyss:4  | Paralysed by accursed screaming for 1 turns
 46838 | Abyss:4  | HP: 1/136 [starcursed mass/accursed screaming (12)]
 46861 | Abyss:4  | HP: 5/121 [balrug/fireball (8)]
 46869 | Abyss:4  | Reached XP level 23. HP: 26/124 MP: 9/30
 46905 | Abyss:4  | HP: 7/140 [starcursed mass/accursed screaming (2)]
 46906 | Abyss:4  | HP: 2/140 [starcursed mass/accursed screaming (5)]
 46913 | Abyss:4  | HP: 2/140 [raiju/living lightning (2)]
 46915 | Abyss:4  | Killed from afar by a starcursed mass

Action                   |  1- 3 |  4- 6 |  7- 9 | 10-12 | 13-15 | 16-18 | 19-21 | 22-24 || total
-------------------------+-------+-------+-------+-------+-------+-------+-------+-------++-------
Melee: War axe           |    90 |   150 |   225 |    39 |       |       |       |       ||   504
       Flail             |       |       |       |   446 |   119 |       |       |       ||   565
       Eveningstar       |       |       |       |       |   922 |  1649 |  1625 |    70 ||  4266
       Sacred scourge    |       |       |       |       |       |       |       |   410 ||   410
Invok: Divine Shield     |       |       |       |     3 |     4 |     3 |       |     1 ||    11
       Cleansing Flame   |       |       |       |       |     1 |    13 |     6 |     8 ||    28
       Summon Divine War |       |       |       |       |       |     9 |     1 |     2 ||    12
       Brand Weapon With |       |       |       |       |       |       |       |     1 ||     1
 Abil: Fly               |       |       |       |       |     1 |     1 |     1 |       ||     3
       Stop Flying       |       |       |       |       |       |     1 |       |       ||     1
       Evoke Invisibilit |       |       |       |       |       |     1 |       |       ||     1
Evoke: Wand              |       |       |       |       |     3 |    12 |       |       ||    15
  Use: Potion            |       |     5 |     3 |     2 |    10 |    11 |     1 |     9 ||    41
       Scroll            |       |       |     5 |    14 |    22 |    14 |     3 |     9 ||    67
 Stab: Distracted        |       |       |       |       |       |     1 |       |       ||     1
       Invisible         |       |       |       |       |       |     1 |       |       ||     1
       Confused          |       |       |       |       |       |       |     1 |       ||     1
  Eat: Chunk             |     2 |     3 |     8 |    15 |    15 |    34 |    23 |     5 ||   105
       Bread ration      |       |     1 |       |     2 |     5 |     5 |     1 |       ||    14
       Pizza             |       |       |       |       |       |     1 |     2 |       ||     3
       Beef jerky        |       |       |       |       |       |       |     1 |     2 ||     3
